 Dungeon Crawl Stone Soup version 0.19.1-1-g22dce08 (webtiles) character file.

64 M4edhros the Ducker (level 3, -4/17 HPs)
             Began as a Felid Chaos Knight on Jan 4, 2017.
             Slain by an adder (5 damage)
             ... on level 3 of the Dungeon.
             The game lasted 00:01:43 (2652 turns).

M4edhros the Ducker (Felid Chaos Knight)            Turns: 2652, Time: 00:01:43

Health: -4/17      AC:  1    Str:  9    XL:     3   Next: 91%
Magic:  4/4        EV: 19    Int: 11    God:    Xom [.*....]
Gold:   41         SH:  0    Dex: 15    Spells: 0 memorised, 2 levels left
                                        Lives:  0   Deaths: 0

rFire  . . .     SeeInvis +       - Unarmed
rCold  . . .     Gourm    .     (armour unavailable)
rNeg   . . .     Faith    .     (shield unavailable)
rPois  .         Spirit   .     (helmet unavailable)
rElec  .         Reflect  .     (cloak unavailable)
rCorr  .         Harm     .     (gloves unavailable)
MR     .....                    (boots unavailable)
Stlth  +++.......               (no amulet)
                                (no ring)
                                (no ring)

@: lethally poisoned (-4 -> -7), quick
A: no armour, no weapons or thrown items, stealth, claws 1, fangs 3, see
invisible, carnivore 3, dopey 1, speed 1, shaggy fur 1, slow metabolism 1, sharp
paws
a: Renounce Religion


You were on level 3 of the Dungeon.
You worshipped Xom.
You were a plaything of Xom.
You were completely stuffed.

You visited 1 branch of the dungeon, and saw 3 of its levels.

You collected 41 gold pieces.

Inventory:

Scrolls
 b - a scroll of fog {unknown}
 c - a scroll of identify {unknown}
 d - 2 scrolls of magic mapping {unknown}
Comestibles
 a - a meat ration
 f - a royal jelly
 g - a chunk of flesh


   Skills:
 + Level 3.4 Fighting
 + Level 3.9 Dodging
 + Level 2.6 Stealth
 * Level 3.6 Unarmed Combat


You had 2 spell levels left.
You didn't know any spells.

Dungeon Overview and Level Annotations

Branches:
Dungeon (3/15)

Altars:
Dithmenos
The Shining One


Innate Abilities, Weirdness & Mutations

You cannot wear armour.
You are incapable of wielding weapons or throwing items.
Your paws allow you to move quietly. (Stealth)
You have sharp claws.
You have razor-sharp teeth.
You have supernaturally acute eyesight. (SInv)
You are carnivorous and can eat meat at any time.
You cover ground quickly.
You are covered in fur. (AC +1)
You have a slow metabolism.
Your sharp claws are effective at attacking unaware monsters.
You are dopey. (Int -2)


Message History

The adder is heavily wounded.
The adder closely misses you.
You scratch the adder but do no damage.
The adder is heavily wounded.
The adder closely misses you. The adder bites you.
You scratch the adder.
The adder is almost dead.
The adder closely misses you.
You scratch the adder but do no damage.
The adder is almost dead.
You feel sick. The adder barely misses you.
You completely miss the adder.
The adder is almost dead.
The adder bites you.
* * * LOW HITPOINT WARNING * * *
You aren't carrying any potions.
You barely miss the adder.
The adder is severely wounded.
The adder bites you.
You die...

#.#......... .
##...##.####......
#.........# #.....
#.......#..##....##
##...#.......# ....
......#..#....##..
##.....#.......#.#
#.......#.#.#.#.##.####
##.....#.......@S...>..
#....#..#....####.###.
#...#....#...####.#
..#......#.......#
.#..........###### r
........(.# ####.###.##
#.##...## #.......#


You could see an adder.

Vanquished Creatures
  An adder (D:2)
  An ooze (D:3)
  3 worms
  3 dart slugs
  2 leopard geckos (D:1)
  An orc (D:3)
  A bat (D:2)
  2 goblins
  5 hobgoblins
  A jackal (D:1)
  2 quokkas (D:2)
  A ball python (D:2)
  A frilled lizard (D:1)
  6 kobolds
  5 rats
35 creatures vanquished.

Notes
Turn   | Place    | Note
-------+----------+-------------------------------------------
     0 | D:1      | M4edhros the Felid Chaos Knight began the quest for the Orb.
     0 | D:1      | Reached XP level 1. HP: 10/10 MP: 2/2
   106 | D:1      | Reached skill level 1 in Stealth
   145 | D:1      | Reached XP level 2. HP: 12/14 MP: 3/3
   546 | D:1      | XOM: silly message
   757 | D:1      | XOM: medium Ice miscast
   994 | D:2      | XOM: give mutation
   994 | D:2      | Gained mutation: You are dopey. (Int -2) [Xom's mischief]
  1437 | D:2      | XOM: 1-stop teleportation journey
  1636 | D:2      | XOM: 6-stop teleportation journey
  1673 | D:2      | Found a glowing golden altar of the Shining One.
  1673 | D:2      | Found a shadowy altar of Dithmenos.
  1682 | D:2      | XOM: butterfly on damage
  1689 | D:2      | Reached XP level 3. HP: 8/17 MP: 4/4
  1999 | D:2      | XOM is BORED!
  1999 | D:2      | XOM: 6-stop teleportation journey
  2011 | D:2      | XOM: harmless Conj miscast
  2209 | D:3      | XOM: smoke on damage
  2592 | D:3      | XOM: divination: detect creatures
  2634 | D:3      | XOM: 2-stop teleportation journey
  2652 | D:3      | Slain by an adder

Skill      XL: |  1  2  3 |
---------------+----------+-----
Stealth        | 1 2 |  2.6
Fighting       | |  3.4
Dodging        | |  3.9
Unarmed Combat | |  3.6

Action                   || total
-------------------------++-------
Melee: Unarmed           ||   104
       Bite              ||     7
       Punch             ||     3
 Stab: Sleeping          ||     4
  Eat: Chunk             ||    11
Armor: Skin              ||     3
Dodge: Dodged            ||    58
